 Dungeon Crawl Stone Soup version 0.19.4 (webtiles) character file.

27255 Jerry the Grappler (level 13, -1/114 HPs)
             Began as a Troll Monk on Jan 30, 2017.
             Slain by an azure jelly (12 damage)
             ... on level 6 of the Lair of Beasts.
             The game lasted 00:54:26 (13009 turns).

Jerry the Grappler (Troll Monk)                    Turns: 13009, Time: 00:54:28

Health: -1/114     AC: 12    Str: 20    XL:     13   Next: 3%
Magic:  16/16      EV: 20    Int:  5    God:
Gold:   1016       SH:  0    Dex: 21    Spells: 2 memorised, 8 levels left

rFire  . . .     SeeInvis .       - Unarmed
rCold  + . .     Gourm    +     j - +0 troll leather armour
rNeg   . . .     Faith    .     (no shield)
rPois  +         Spirit   .     H - +1 hat
rElec  .         Reflect  .     K - +2 cloak {rPois}
rCorr  .         Harm     .     (gloves unavailable)
MR     .....                    (boots unavailable)
Stlth  ++........               O - amulet of regeneration
                                i - +6 ring of dexterity
                                m - ring of protection from cold

@: repel missiles
A: unfitting armour, claws 3, horns 1, repulsion field 1, slimy green scales 1,
deformed body, dopey 1, fast metabolism 3, frail 1, gourmand, high mp 1,
regeneration 2, shaggy fur 1, tough skin 2, weak 1
a: no special abilities


You were on level 6 of the Lair of Beasts.
You were very full.

You visited 4 branches of the dungeon, and saw 20 of its levels.

You collected 1016 gold pieces.

Inventory:

Armour
 j - a +0 troll leather armour (worn)
 r - a +0 robe of magic resistance
 v - a +2 robe of fire resistance
 w - a +0 cloak of magic resistance
 H - a +1 hat (worn)
 K - a +2 cloak of poison resistance (worn)
Jewellery
 g - an uncursed ring of wizardry
 i - a +6 ring of dexterity (right claw)
 m - a ring of protection from cold (left claw)
 O - an amulet of regeneration (around neck)
Wands
 n - a wand of acid (11/15)
 p - a wand of digging (9/24)
 t - a wand of iceblast (6/15)
 E - a wand of acid (0/15)
 F - a wand of polymorph (3/24)
 M - a wand of random effects (15/48)
Scrolls
 d - 4 scrolls of fear
 e - 2 scrolls of teleportation
 h - 5 scrolls of amnesia
 k - a scroll of identify
 o - 4 scrolls of immolation
 q - 4 scrolls of remove curse
 y - 3 scrolls of enchant weapon
 R - a scroll of blinking
Potions
 c - 3 potions of heal wounds
 f - a potion of invisibility
 s - 3 potions of lignification
 u - 6 potions of curing
 z - a potion of brilliance
 B - 2 potions of resistance {unknown}
 C - a potion of cure mutation {unknown}
 G - 2 potions of beneficial mutation {unknown}
 I - 2 potions of ambrosia {unknown}
Books
 L - a book of Beasts

   Spells                             Type                      Level
   a - Summon Butterflies             Summoning                    1
   b - Call Canine Familiar           Summoning                    3
   c - Summon Ice Beast               Ice/Summoning                4
   d - Summon Mana Viper              Hexes/Summoning              5
   e - Summon Hydra                   Summoning                    7
Miscellaneous
 a - a box of beasts
 N - a sack of spiders
Comestibles
 b - 14 bread rations
 l - 9 meat rations
 x - 6 beef jerkies
 A - 3 chunks of flesh
 D - 5 fruits
 J - 2 slices of pizza
 Q - a royal jelly


   Skills:
 - Level 8.2 Fighting
 - Level 5.1 Armour
 + Level 10.6 Dodging
 - Level 1.0 Stealth
 + Level 14.0 Unarmed Combat
 - Level 3.7 Evocations


You had 8 spell levels left.
You knew the following spells:

 Your Spells              Type           Power        Failure   Level  Hunger
a - Repel Missiles        Chrm/Air       #.....       86%         2    ###....
b - Blink                 Tloc           N/A          86%         2    ###....


Dungeon Overview and Level Annotations

Branches:
Dungeon (12/15)            Temple (1/1) D:6            Lair (6/6) D:10
  Snake (0/4) Lair:4        Slime (1/5) Lair:6          Orc (0/2) D:10
  Swamp: Lair:2-4    Shoals: Lair:2-4

Altars:
Ashenzari
Cheibriados
Dithmenos
Elyvilon
Fedhas
Gozag
Hepliaklqana
Kikubaaqudgha
Makhleb
Nemelex Xobeh
Okawaru
Qazlal
Ru
Sif Muna
Trog
Uskayaw
Vehumet
Xom
Yredelemnul
Zin
The Shining One

Shops:
D:4 *

Annotations:
D:8 1 runed door


Innate Abilities, Weirdness & Mutations

You are too large for most types of armour.
You have claws for hands.
Your metabolism is lightning-fast.
You like to eat raw meat.
You heal very quickly.
You are covered in fur. (AC +1)
You have very tough skin. (AC +2)
You have a pair of small horns on your head.
You are surrounded by a mild repulsion field. (EV +2)
You are partially covered in slimy green scales. (AC +2)
Armour fits poorly on your strangely shaped body.
You are dopey. (Int -2)
You are frail. (-10% HP)
You have an increased reservoir of magic. (+10% MP)
You are weak. (Str -2)


Message History

The azure jelly hits you but does no damage.
You mangle the azure jelly!! You headbutt the azure jelly.
The azure jelly is severely wounded.
The azure jelly completely misses you.
The azure jelly hits you but does no damage.
The azure jelly hits you! The azure jelly hits you.
You completely miss the azure jelly. You headbutt the azure jelly.
The azure jelly is severely wounded.
The azure jelly completely misses you. The azure jelly hits you.
The azure jelly freezes you! You resist.
* * * LOW HITPOINT WARNING * * *
The azure jelly completely misses you. The azure jelly hits you.
* * * LOW HITPOINT WARNING * * *
You claw the azure jelly! You headbutt the azure jelly.
The azure jelly is almost dead.
The azure jelly hits you but does no damage.
The azure jelly hits you!
* * * LOW HITPOINT WARNING * * *
The azure jelly freezes you! You resist.
You die...

##..##P.P##..P##
#..............###
#..#.#...###..#..##
#..###[..##....#..###
##...##....##........# #♣
#.............P..#.#.##.P♣♣
#.......>......##.#.......♣
##.............P..#..##....
#....#....@#.......#.# .
##..###...J##.#....P.#
#P..###...###...#.....#
#.............P..#...P#
#....P...P........##..#
##......##..P.#......##
###P##.......#..##P.# ...
###..#............# ..#
##..#.#....PP..# ..#


You could see an azure jelly.

Vanquished Creatures
  2 dire elephants (Lair:6)
  The ghost of Whitewater the Basher, a journeyman MiBe of Trog (Lair:5)
  Erolcha (D:9)
  A hydra (Lair:6)
  An ice dragon (Lair:5)
  A catoblepas (Lair:5)
  A death yak (Lair:5)
  The ghost of letownia the Thaumaturge, a novice OpWz of Gozag (D:9)
  2 hill giants
  Joseph (D:9)
  3 black mambas
  Maurice (D:10)
  4 elephants
  A gargoyle (D:9)
  5 spiny frogs
  2 komodo dragons (Lair:6)
  3 rime drakes (Lair:6)
  A merfolk (D:9)
  A troll (D:10)
  5 polar bears
  8 blink frogs
  A slime creature (Lair:6)
  6 hippogriffs
  The ghost of sheala the Conjurer, an amateur DECj (D:4)
  A wraith (D:10)
  19 yaks
  2 wyverns
  7 water moccasins
  4 porcupines
  5 orc warriors
  A sky beast (D:8)
  A hornet zombie (D:5)
  A phantom (D:8)
  6 ogres
  A wolf (Lair:5)
  3 centaurs
  10 crocodiles
  A big kobold (D:10)
  12 bullfrogs
  2 gnoll sergeants (D:10)
  4 scorpions
  7 howler monkeys
  2 crimson imps (D:5)
  A centaur zombie (D:10)
  A centaur skeleton (D:6)
  5 hounds
  5 orc priests
  4 jellies
  2 bullfrog skeletons
  A gnoll shaman (D:4)
  4 iguanas
  5 orc wizards
  7 worker ants
  A hound skeleton (D:9)
  3 hound zombies
  A worker ant zombie (D:5)
  A howler monkey skeleton (D:6)
  12 adders
  16 gnolls
  2 shadow imps
  An ooze (D:1)
  3 worms (D:2)
  3 dart slugs
  3 leopard geckos
  46 orcs
  A ball python (D:1)
  2 giant cockroaches
  9 goblins
  6 hobgoblins
  3 jackals
  4 kobolds
  9 quokkas
  A ball python zombie (D:6)
  6 bats
  9 frilled lizards
  A jackal skeleton (D:5)
  A leopard gecko skeleton (D:6)
  A quokka zombie (D:5)
  8 rats
331 creatures vanquished.

Vanquished Creatures (others)
  7 fungi (Lair:6)
  2 plants (Lair:5)
9 creatures vanquished.

Grand Total: 340 creatures vanquished

Notes
Turn   | Place    | Note
-------+----------+-------------------------------------------
     0 | D:1      | Jerry the Troll Monk began the quest for the Orb.
     0 | D:1      | Reached XP level 1. HP: 22/22 MP: 0/0
   119 | D:1      | Reached XP level 2. HP: 27/29 MP: 1/1
   737 | D:1      | Reached XP level 3. HP: 36/36 MP: 2/2
  1001 | D:2      | Found a shimmering altar of Xom.
  1123 | D:2      | Reached XP level 4. HP: 45/45 MP: 3/3
  2102 | D:3      | Reached skill level 4 in Unarmed Combat
  2255 | D:4      | Noticed an ogre
  2261 | D:4      | Killed an ogre
  2261 | D:4      | Reached XP level 5. HP: 53/53 MP: 4/4
  2315 | D:4      | Reached XP level 6. HP: 48/62 MP: 5/5
  2389 | D:4      | Noticed sheala's ghost (amateur DECj)
  2424 | D:4      | You fall through a shaft for 3 floors!
  2541 | D:7      | Reached skill level 5 in Unarmed Combat
  2831 | D:6      | Reached XP level 7. HP: 59/70 MP: 6/6
  2879 | D:5      | Entered Level 5 of the Dungeon
  2943 | D:4      | Reached skill level 6 in Unarmed Combat
  2995 | D:4      | Killed sheala's ghost
  3080 | D:4      | Found Karufada's Elemental Accessories.
  3187 | D:4      | Learned a level 2 spell: Repel Missiles
  3190 | D:4      | Learned a level 2 spell: Blink
  3333 | D:4      | Reached XP level 8. HP: 61/79 MP: 7/7
  3421 | D:4      | Reached skill level 5 in Dodging
  3424 | D:4      | Reached skill level 5 in Fighting
  3854 | D:5      | Reached skill level 7 in Unarmed Combat
  4191 | D:5      | Found a stormy altar of Qazlal.
  4382 | D:5      | Found a shimmering altar of Xom.
  4383 | D:5      | Found a burning altar of Makhleb.
  4968 | D:6      | Found a staircase to the Ecumenical Temple.
  4976 | Temple   | Entered the Ecumenical Temple
  5720 | D:7      | Reached skill level 8 in Unarmed Combat
  5720 | D:7      | Reached XP level 9. HP: 34/89 MP: 8/8
  6212 | D:8      | Found a runed door.
  6212 | D:8      | Noticed a sixfirhy
  6519 | D:8      | Found a glowing silver altar of Zin.
  6557 | D:8      | Found a blossoming altar of Fedhas.
  7084 | D:8      | Gained mutation: You have an increased reservoir of magic. (+10% MP) [potion of mutation]
  7084 | D:8      | Gained mutation: Armour fits poorly on your strangely shaped body. [potion of mutation]
  7084 | D:8      | Gained mutation: You are dopey. (Int -2) [potion of mutation]
  7085 | D:8      | Gained mutation: You heal very quickly. [potion of mutation]
  7085 | D:8      | Gained mutation: You are surrounded by a mild repulsion field. (EV +2) [potion of mutation]
  7085 | D:8      | Gained mutation: You are partially covered in slimy green scales. (AC +2) [potion of mutation]
  7173 | D:9      | Noticed a gargoyle
  7183 | D:9      | Killed a gargoyle
  7183 | D:9      | Reached skill level 9 in Unarmed Combat
  7203 | D:9      | Noticed Erolcha
  7235 | D:9      | Noticed Joseph
  7249 | D:9      | Killed Erolcha
  7249 | D:9      | Reached skill level 1 in Evocations
  7249 | D:9      | Reached XP level 10. HP: 102/102 MP: 8/11
  7258 | D:9      | Killed Joseph
  7303 | D:9      | Noticed letownia's ghost (novice OpWz)
  7305 | D:9      | Noticed a hill giant
  7329 | D:9      | Killed letownia's ghost
  7347 | D:9      | Killed a hill giant
  7685 | D:9      | You fall through a shaft for 3 floors!
  7708 | D:10     | Entered Level 10 of the Dungeon
  7806 | D:9      | Identified a scroll of acquirement
  7919 | D:10     | Reached skill level 10 in Unarmed Combat
  8060 | D:10     | Gained mutation: You are frail. (-10% HP) [potion of mutation]
  8060 | D:10     | Gained mutation: You are weak. (Str -2) [potion of mutation]
  8060 | D:10     | Gained mutation: You have a pair of small horns on your head. [potion of mutation]
  8158 | D:10     | Noticed Maurice
  8223 | D:10     | Noticed a hill giant
  8228 | D:10     | Killed a hill giant
  8241 | D:10     | Found a staircase to the Lair.
  8251 | D:10     | Reached XP level 11. HP: 70/99 MP: 14/14
  8503 | D:10     | Found a staircase to the Orcish Mines.
  8614 | D:10     | Killed Maurice
  9031 | Lair:1   | Entered Level 1 of the Lair of Beasts
  9065 | Lair:1   | Reached skill level 1 in Armour
  9093 | Lair:1   | You fall through a shaft!
 10314 | Lair:2   | Reached skill level 11 in Unarmed Combat
 10838 | Lair:4   | Found a staircase to the Snake Pit.
 10993 | Lair:5   | Noticed Whitewater's ghost (journeyman MiBe)
 11024 | Lair:5   | Killed Whitewater's ghost
 11036 | Lair:5   | Reached skill level 5 in Armour
 11149 | Lair:5   | Reached skill level 12 in Unarmed Combat
 11243 | Lair:5   | Noticed a death yak
 11243 | Lair:5   | Noticed a catoblepas
 11247 | Lair:5   | Reached XP level 12. HP: 108/108 MP: 15/15
 11258 | Lair:5   | Killed a death yak
 11265 | Lair:5   | Killed a catoblepas
 11403 | Lair:5   | Found a frozen archway.
 11404 | Lair:5   | Noticed an ice dragon
 11425 | Lair:5   | Killed an ice dragon
 11976 | Lair:6   | Entered Level 6 of the Lair of Beasts
 12090 | Lair:6   | Reached skill level 13 in Unarmed Combat
 12158 | Lair:6   | Noticed a four-headed hydra
 12178 | Lair:6   | Noticed a storm dragon
 12178 | Lair:6   | a four-headed hydra changed into a storm dragon
 12419 | Lair:6   | Noticed a dire elephant
 12425 | Lair:6   | Noticed a seven-headed hydra
 12427 | Lair:6   | Killed a seven-headed hydra
 12427 | Lair:6   | Reached skill level 10 in Dodging
 12433 | Lair:6   | Killed a dire elephant
 12517 | Lair:6   | Noticed a dire elephant
 12531 | Lair:6   | Killed a dire elephant
 12824 | Lair:6   | Reached XP level 13. HP: 92/114 MP: 16/16
 12865 | Lair:6   | Found a staircase to the Slime Pits.
 12939 | Lair:6   | Reached skill level 14 in Unarmed Combat
 12984 | Slime:1  | Entered Level 1 of the Pits of Slime
 12984 | Slime:1  | Noticed an azure jelly
 12988 | Slime:1  | Paralysed by a great orb of eyes for 2 turns
 13009 | Lair:6   | Slain by an azure jelly

Skill      XL: |  1  2  3  4  5  6  7  8  9 10 11 12 13 |
---------------+----------------------------------------+-----
Dodging        | 3 4 6 7 8 10 | 10.6
Fighting       | 3 4 6 7 8 |  8.2
Unarmed Combat | 4 5 6 8 9 10 12 13 14 | 14.0
Evocations     | 1 3 |  3.7
Armour         | 5 |  5.1
Stealth        | |  1.0

Action                   |  1- 3 |  4- 6 |  7- 9 | 10-12 | 13-15 || total
-------------------------+-------+-------+-------+-------+-------++-------
Melee: Unarmed           |    76 |   117 |   313 |   569 |    21 ||  1096
       Punch             |     2 |     2 |    14 |    52 |     1 ||    71
       Headbutt          |       |       |       |   145 |    10 ||   155
 Cast: Repel Missiles    |       |       |     1 |     1 |       ||     2
Evoke: Wand              |       |     2 |       |    12 |       ||    14
  Use: Scroll            |       |       |    18 |     8 |       ||    26
       Potion            |       |       |     4 |     5 |       ||     9
 Stab: Sleeping          |     3 |     7 |     5 |     4 |     1 ||    20
       Distracted        |       |       |     2 |     1 |       ||     3
       Petrified         |       |       |       |     6 |       ||     6
       Petrifying        |       |       |       |     1 |       ||     1
  Eat: Chunk             |    16 |    15 |    40 |    52 |     1 ||   124
Armor: Robe              |    21 |    21 |    41 |    29 |       ||   112
       Troll leather arm |       |       |       |    78 |     9 ||    87
Dodge: Dodged            |    33 |    53 |   151 |   369 |    17 ||   623
       Deflected         |       |       |     1 |       |       ||     1
